 Dungeon Crawl Stone Soup version 0.31.0 (webtiles) character file.

Game seed: 11145095532257354235

176 qw the Shooter (level 5, -2/32 HPs)
             Began as a Gargoyle Hunter on Jan 19, 2024.
             Slain by Duvessa
             ... wielding a +0 short sword
              (4 damage)
             ... on level 4 of the Dungeon.
             The game lasted 00:00:06 (1383 turns).

qw the Shooter (Gargoyle Hunter)                    Turns: 1383, Time: 00:00:07

Health: -2/32      AC:  6    Str: 15    XL:     5   Next: 56%
Magic:  5/5        EV: 12    Int:  9    God:
Gold:   135        SH:  5    Dex: 15    Spells: 4/4 levels left

rFire   . . .        a - +0 shortbow
rCold   . . .        (shield currently unavailable)
rNeg    + . .        d - +0 robe {Will+}
rPois   inf          (no helmet)
rElec   +            (no cloak)
rCorr   .            (no gloves)
SInv    .            (no boots)
Will    +....        i - amulet of reflection
Stlth   ++           (no ring)
HPRegen 0.25/turn    (no ring)
MPRegen 0.09/turn

%: reflection
@: about to teleport
A: sickness immunity, AC +4, negative energy resistance 1, electricity
resistance, torment resistance 1, petrification resistance
a: no special abilities


You were on level 4 of the Dungeon.
You visited 1 branch of the dungeon, and saw 5 of its levels.

You collected 135 gold pieces.


Innate Abilities, Weirdness & Mutations

You are immune to sickness and miasma.
Your stone body is resilient. (AC +4)
You are immune to poison.
You resist negative energy. (rN+)
You are resistant to electric shocks. (rElec)
You are resistant to unholy torment.
You are immune to petrification.


   Skills:
 + Level 3.5 Fighting
 - Level 6.1 Ranged Weapons
 - Level 1.5 Dodging
 - Level 1.1 Stealth


You had 4 spell levels left.
You didn't know any spells.
Your spell library was empty.

Inventory:

Hand Weapons
 a - a +0 shortbow (weapon)
Armour
 c - a +0 leather armour
 d - a +0 robe of willpower (worn)
Jewellery
 b - the ring "Fuitodwa" {rElec rPois Will- Dex+4}
   (You found it on level 3 of the Dungeon)

   [ring of poison resistance]

   Dex+4:     It affects your dexterity (+4).
   rElec:     It insulates you from electricity.
   rPois:     It protects you from poison Will-: It decreases your willpower.
 i - an amulet of reflection (around neck)
Potions
 f - a potion of cancellation {unknown}
 g - a potion of haste {unknown}
 h - a potion of curing
 j - a potion of enlightenment {unknown}
 k - a potion of resistance {unknown}

Dungeon Overview and Level Annotations

Branches:
Dungeon (5/15)
 Temple: D:4-7

Altars:
Hepliaklqana

Annotations:
D:4 Dowan, Duvessa


Message History

The arrow hits Duvessa but does no damage.
Duvessa is lightly wounded.
You shoot an arrow. The arrow barely misses Duvessa.
The arrow barely misses the quokka.
You shoot an arrow. The arrow barely misses Duvessa.
The arrow closely misses the quokka.
Duvessa hits you but does no damage.
You shoot an arrow.
The arrow hits Duvessa but does no damage.
Duvessa is lightly wounded.
The quokka barely misses you. Duvessa misses you.
You block the quokka's attack.
You shoot an arrow. The arrow hits Duvessa.
Duvessa is lightly wounded.
Duvessa hits you with a +0 short sword.
Dowan casts a spell.
Dowan blinks!
The quokka barely misses you.
You shoot an arrow.
The arrow hits Duvessa but does no damage.
Duvessa is lightly wounded.
Duvessa barely misses you. The quokka closely misses you.
You shoot an arrow. The arrow barely misses Duvessa.
The quokka bites you but does no damage.
You block Duvessa's attack. The quokka closely misses you.
You shoot an arrow.
The arrow hits Duvessa but does no damage.
Duvessa is lightly wounded.
You block Duvessa's attack. The quokka closely misses you.
Duvessa hits you with a +0 short sword! Dowan misses you.
1382 ||| READING scroll of teleportation.
As you read the scroll of teleportation, it crumbles to dust.
You feel strangely unstable.
The quokka bites you but does no damage.
Duvessa hits you but does no damage.
Dowan mumbles some strange words.
Dowan blinks!
You shoot an arrow.
The arrow hits Duvessa but does no damage.
Duvessa is lightly wounded.
The quokka bites you. Duvessa hits you with a +0 short sword.
You die...

....#...
#......
#.....
..e..
###... #
#.#..
....#.r.#
......e@#
...##.ยค..#
#.##... #.
..... .
....... ..
....... ..
....... ..#
.......


You could see Duvessa, Dowan and a quokka.

Vanquished Creatures
  A phantom (D:5)
  A hound (D:5)
  An adder (D:2)
  A dart slug (D:1)
  5 ball pythons
  4 endoplasms
  3 giant cockroaches (D:1)
  10 goblins
  5 jackals
  5 quokkas
  3 bats (D:2)
  4 frilled lizards
  7 kobolds
  6 rats
56 creatures vanquished.

Notes
Turn   | Place    | Note
-------+----------+-------------------------------------------
     0 | D:1      | qw the Gargoyle Hunter began the quest for the Orb.
     0 | D:1      | Reached XP level 1. HP: 12/12 MP: 1/1
     0 | D:1      | 0 ||| qw: Version: 0.3-a-132-g3d54051
     0 | D:1      | 0 ||| qw: Game counter: 95
     0 | D:1      | 0 ||| qw: Melee chars always use a shield: true
     0 | D:1      | 0 ||| qw: God list: Okawaru
     0 | D:1      | 0 ||| qw: Allow faded altars: false
     0 | D:1      | 0 ||| qw: Do Orc after clearing Dungeon:15 true
     0 | D:1      | 0 ||| qw: Do second Lair branch before Depths: true
     0 | D:1      | 0 ||| qw: Lair rune preference: random
     0 | D:1      | 0 ||| qw: Goals: Normal
     0 | D:1      | 0 ||| PLANNING D:1-11
    59 | D:1      | Reached XP level 2. HP: 17/17 MP: 2/2
    78 | D:1      | Found a faded altar of an unknown god.
   185 | D:1      | Reached XP level 3. HP: 10/21 MP: 3/3
   190 | D:1      | Reached skill level 5 in Ranged Weapons
   568 | D:1      | 568 ||| UPGRADING to +0 robe of willpower.
   578 | D:1      | 578 ||| READING 2 scrolls labelled ANOYRI GEVYU.
   582 | D:1      | 582 ||| READING scroll labelled TOGYVYTRO.
   596 | D:1      | 596 ||| READING scroll labelled QEOBED JOITWAC.
   597 | D:1      | 597 ||| DRINKING 2 blue potions.
   598 | D:1      | 598 ||| DROPPING scroll of butterflies.
   599 | D:1      | 599 ||| DROPPING potion of invisibility.
   751 | D:2      | Reached skill level 3 in Fighting
   815 | D:2      | Reached XP level 4. HP: 27/28 MP: 4/4
  1235 | D:2      | 1235 ||| UPGRADING to amulet of reflection.
  1240 | D:2      | 1240 ||| READING scroll labelled QINUEFI ASYRO.
  1241 | D:2      | 1241 ||| DRINKING 2 brown potions.
  1262 | D:3      | Identified the ring "Fuitodwa" {rElec rPois Will- Dex+4}
  1291 | D:3      | Found a hazy altar of Hepliaklqana.
  1322 | D:3      | You fall into a shaft and drop 2 floors!
  1322 | D:5      | Entered Level 5 of the Dungeon
  1333 | D:5      | Noticed a phantom
  1348 | D:5      | 1348 ||| RETREEEEATING.
  1349 | D:5      | 1349 ||| RETREEEEATING.
  1350 | D:5      | 1350 ||| RETREEEEATING.
  1353 | D:5      | Killed a phantom
  1354 | D:5      | Reached skill level 6 in Ranged Weapons
  1354 | D:5      | Reached XP level 5. HP: 13/32 MP: 5/5
  1365 | D:5      | 1365 ||| FLEEEEING.
  1369 | D:5      | 1369 ||| STAIRDANCE
  1370 | D:4      | Noticed Duvessa
  1370 | D:4      | Noticed Dowan
  1381 | D:4      | HP: 4/32 [Duvessa/+0 short sword (9)]
  1382 | D:4      | 1382 ||| READING scroll of teleportation.
  1383 | D:4      | Slain by Duvessa

Levels and vault maps discovered:
D:1:      co_arrival_random_square_maze, layout_basic,
          hellmonk_ecumenical_altar_pennies_from_heaven
D:2:      layout_basic, minmay_vboxes
D:3:      layout_loops_ring, general_overflow_altar,
          mainiacjoe_overflow_24_doors, minmay_misc_feat_tower, minivault_26
D:4:      layout_cave_pools, amcnicky_altar_gilded, uniq_duvessa, uniq_ijyb,
          uniq_natasha
D:5:      layout_basic, mainiacjoe_overflow_divided_tiny,
          lemuel_zombie_altar_yredelemnul

Skill      XL: |  1  2  3  4 |
---------------+-------------+-----
Ranged Weapons | 5 6 |  6.1
Fighting       | 3 |  3.5
Dodging        | |  1.5
Stealth        | |  1.1

Action                     |  1- 3 |  4- 6 || total
---------------------------+-------+-------++-------
   Fire: Shortbow          |   111 |    88 ||   199
    Use: Scroll            |     3 |     2 ||     5
         Potion            |     1 |     1 ||     2
 Armour: Leather armour    |    28 |       ||    28
         Robe              |    13 |    36 ||    49
  Dodge: Dodged            |    29 |    33 ||    62
  Block: Other             |       |    14 ||    14

Table legend:
 A = Non-vault XP
 B = Vault XP
 C = Vault XP percentage of total XP
 D = Non-vault monster count
 E = Vault monster count
 F = Vault count percentage of total count
                 A         B        C        D         E       F
            +---------+---------+-------+---------+---------+-------
      Total |     241 |      11 |   4.4 |      49 |       7 |  12.5
            +---------+---------+-------+---------+---------+-------
        D:1 |      50 |       0 |   0.0 |      30 |       0 |   0.0
        D:2 |      38 |      11 |  22.4 |      15 |       7 |  31.8
        D:3 |       4 |       0 |   0.0 |       2 |       0 |   0.0
        D:5 |     149 |       0 |   0.0 |       2 |       0 |   0.0
            +---------+---------+-------+---------+---------+-------
